 Dungeon Crawl Stone Soup version 0.29-a0-334-gb41bcbb86e (webtiles) character file.

Game seed: 5846285976393367690

48267 zishaf the Brawler (level 14, -7/146 HPs)
             Began as a Troll Delver on Apr 14, 2022.
             Was a Priest of Elyvilon.
             Mangled by an orc knight
             ... wielding a +0 great sword
              (54 damage)
             ... on level 1 of the Orcish Mines.
             The game lasted 00:33:48 (16517 turns).

zishaf the Brawler (Troll Delver)                  Turns: 16517, Time: 00:33:48

Health: -7/146     AC: 13    Str: 30    XL:     14   Next: 11%
Magic:  21/21      EV:  9    Int:  6    God:    Elyvilon [***...]
Gold:   1766       SH:  0    Dex: 11    Spells: 13/13 levels left

rFire   . . .      SeeInvis .     - Unarmed
rCold   . . .      Faith    .   v - orb {light}
rNeg    . . .      Spirit   .   L - +1 robe of Gluttony {Str+3 Slay+3}
rPois   +          Reflect  .   n - +2 hat
rElec   .          Harm     .   F - +1 cloak
rCorr   .          Rampage  .   (gloves unavailable)
Will    +....                   (boots unavailable)
Stlth   +.........              (no amulet)
HPRegen 1.14/turn               e - +4 ring of protection
MPRegen 0.17/turn               h - ring of poison resistance

@: glowing
A: large, unfitting armour, claws 3, regeneration 1, shaggy fur 1, tough skin 1
a: Renounce Religion, Purification, Heal Other, Heal Self


You were on level 1 of the Orcish Mines.
You worshipped Elyvilon.
Elyvilon was most pleased with you.
You visited 3 branches of the dungeon, and saw 19 of its levels.
You also visited: Ice Cave.

You collected 1833 gold pieces.
You spent 67 gold pieces at shops.

Inventory:

Missiles
 t - 5 throwing nets (quivered)
 N - 6 javelins
Armour
 l - a +0 troll leather armour
 n - a +2 hat (worn)
 v - an orb of light (worn)
 F - a +1 cloak (worn)
 L - the +1 robe of Gluttony (worn) {Str+3 Slay+3}
   (You found it on level 2 of the Lair of Beasts)

   Str:       It affects your strength (+3).
   Slay:      It affects your accuracy & damage with ranged weapons and melee
   (+3).
 O - a +2 robe of cold resistance
Jewellery
 e - a +4 ring of protection (left claw)
 h - a ring of poison resistance (right claw)
 j - a ring of protection from cold
 w - a ring of ice
 z - the ring "Mextil" {Wiz Drain Str+2 Dex+7}
   (You acquired it on level 6 of the Dungeon)

   [ring of wizardry]

   It improves your spell success rate.
   Str:       It affects your strength (+2).
   Dex:       It affects your dexterity (+7).
   Drain:     It drains your maximum health when unequipped.
Wands
 f - a wand of digging (3)
 x - a wand of polymorph (4)
 y - a wand of paralysis (4)
 A - a wand of mindburst (7)
 C - a wand of flame (25)
 G - a wand of acid (3)
 R - a wand of iceblast (5)
Scrolls
 b - 4 scrolls of fog
 c - 2 scrolls of magic mapping
 d - a scroll of fear
 m - 8 scrolls of teleportation
 o - 2 scrolls of enchant weapon
 u - 7 scrolls of identify
 D - 3 scrolls of enchant armour
 H - a scroll of vulnerability
 I - a scroll of brand weapon
 J - 3 scrolls of amnesia
 M - a scroll of blinking
Potions
 a - a potion of haste
 g - 11 potions of curing
 i - a potion of cancellation
 k - 4 potions of lignification
 p - 2 potions of flight
 q - 2 potions of mutation
 r - 4 potions of ambrosia
 s - 2 potions of brilliance
 B - 2 potions of heal wounds
 E - 3 potions of magic
Miscellaneous
 Q - a box of beasts


   Skills:
 + Level 11.0 Fighting
 - Level 1.5 Dodging
 - Level 2.7 Stealth
 * Level 17.6 Unarmed Combat
 + Level 11.3 Invocations


You had 13 spell levels left.
You didn't know any spells.
Your spell library contained the following spells:

 Spells                   Type           Power      Damage    Failure   Level
 Magic Dart               Conj           0%         1d3       45%         1
 Blink                    Tloc           0%         N/A       58%         2
 Call Imp                 Summ           0%         N/A       58%         2
 Ensorcelled Hibernation  Hex/Ice        0%         N/A       58%         2
 Conjure Flame            Conj/Fire      0%         6-21      83%         3
 Gell's Gravitas          Tloc           0%         N/A       83%         3
 Ignite Poison            Fire/Tmut/Pois 0%         N/A       83%         3
 Lesser Beckoning         Tloc           0%         N/A       83%         3
 Mephitic Cloud           Conj/Pois/Air  0%         N/A       83%         3
 Ozocubu's Armour         Ice            0%         N/A       83%         3
 Spider Form              Tmut/Pois      0%         N/A       83%         3
 Stone Arrow              Conj/Erth      0%         3d7       83%         3
 Summon Guardian Golem    Hex/Summ       0%         N/A       83%         3
 Teleport Other           Tloc           0%         N/A       83%         3
 Tukima's Dance           Hex            0%         N/A       83%         3
 Anguish                  Hex/Necr       0%         N/A       99%         4
 Hailstorm                Conj/Ice       0%         3d3       99%         4
 Ice Form                 Ice/Tmut       0%         N/A       99%         4
 Passage of Golubria      Tloc           0%         N/A       99%         4
 Petrify                  Tmut/Erth      0%         N/A       99%         4
 Sticky Flame             Conj/Fire      0%         2d3       99%         4
 Summon Ice Beast         Ice/Summ       0%         N/A       99%         4
 Manifold Assault         Tloc           0%         N/A       100%        5
 Silence                  Hex/Air        0%         N/A       100%        5
 Summon Mana Viper        Hex/Summ       0%         N/A       100%        5
 Simulacrum               Ice/Necr       0%         N/A       100%        6
 Monstrous Menagerie      Summ           0%         N/A       100%        7
 Orb of Destruction       Conj           0%         9d5       100%        7
 Ozocubu's Refrigeration  Ice            0%         4d5       100%        7
 Spellforged Servitor     Conj/Summ      0%         N/A       100%        7
 Lehudib's Crystal Spear  Conj/Erth      0%         10d2      100%        8


Dungeon Overview and Level Annotations

Branches:
Dungeon (12/15)            Temple (0/1) D:6            Lair (5/6) D:8
  Swamp (0/4) Lair:4       Spider (0/4) Lair:3          Orc (2/2) D:9
    Elf (0/3) Orc:2         IceCv (visited)
  Slime: Lair:5-6

Altars:
Cheibriados
Elyvilon
Gozag
Hepliaklqana
Kikubaaqudgha
Makhleb
Nemelex Xobeh
Ru
Sif Muna
Trog
Vehumet
Xom
Zin

Shops:
D:1 *   D:7 [   Orc:2 =

Annotations:
Orc:2 Erolcha


Innate Abilities, Weirdness & Mutations

You are too large for most types of armour.
You have claws for hands.
Your natural rate of healing is unusually fast.
You are covered in fur. (AC +1)
You have tough skin. (AC +1)


Message History

The troll claws you.
The orc knight roars a battlecry!
The orc knight goes into a battle-frenzy!
There is a stone staircase leading up, spattered with blood here.
Things that are here:
a +0 chain mail; 3 boomerangs; a +0 battleaxe The ogre closely misses you.
The troll bites you! The troll closely misses you.
The troll claws you but does no damage. The orc warrior completely misses you.
You climb upwards.
There is a stone staircase leading down, spattered with blood here.
You see here a +0 dagger.
The orc knight attacks as you move away!
The orc knight hits you but does no damage.
The ogre closely misses you.
Things that are here:
a +0 plate armour; a +0 mace The troll attacks as you move away!
The troll bites you. The troll claws you. x2
Things that are here:
a +0 plate armour; a +0 glaive You scratch the troll.
The troll is lightly wounded.
The troll bites you but does no damage. The troll claws you!
The troll barely misses you.
You mangle the troll!!
The troll is almost dead.
You claw the troll!
You kill the troll!
The troll leather armour is intact enough to wear.
You scratch the orc knight.
The orc knight is lightly wounded.
The orc knight hits you with a +0 great sword!!
You scratch the orc knight but do no damage.
The orc knight is lightly wounded.
You claw the orc knight!
The orc knight is moderately wounded.
The orc knight hits you with a +0 great sword!!
You mangle the orc knight!!
The orc knight is severely wounded.
The orc knight hits you with a +0 great sword!!!
You die...

#.#...[.[.....#...###
##.........).[....#.#####
.........)[(<).......##.##
.........)..[[....#^#....#
........#.....##[.......##
..#.#............[......##
.##.#.....#...#...[....#.###
##........#................##
##........#.....@#..........#
##..#....###....#oO......#.##
#...##.####......>......#.##
##.##### #......[[[.##.....# ###
#####...........#....#####
#....................###.###
##....................##....#
#####..._..................##....
#.##.......#......##......#......


You could see an orc knight (strong) and an ogre.

Vanquished Creatures
  Rupert (Lair:5)
  An orc warlord (Orc:1)
  Harold (Lair:2)
  A boulder beetle (Lair:5)
  Fannar (Lair:2)
  A catoblepas (Lair:5)
  5 two-headed ogres
  Urug (D:11)
  3 orc high priests (Orc:2)
  An orc knight (D:9)
  2 deep elf pyromancers
  A cyclops (Orc:1)
  A necromancer (Lair:2)
  2 orc sorcerers (Orc:2)
  2 ugly things
  Maurice (Orc:2)
  2 ice statues (IceCv)
  2 black mambas (Lair:4)
  7 cane toads
  A gargoyle (D:8)
  3 torpor snails
  An efreet (D:8)
  A rime drake (Lair:2)
  A kobold demonologist (D:11)
  A freezing wraith (IceCv)
  6 komodo dragons
  An anaconda simulacrum (IceCv)
  A tengu conjurer (D:8)
  A polar bear (Lair:5)
  11 trolls
  A tarantella (Lair:3)
  A hornet (D:9)
  7 blink frogs
  A wraith (D:11)
  3 basilisks
  40 yaks
  A wyvern (Lair:4)
  A steam dragon (D:9)
  2 vampire mosquitoes
  The ghost of MeatMancer the Skirmisher, an amateur DsCK of Xom (D:3)
  7 wargs
  A swamp worm (Lair:4)
  10 water moccasins
  22 orc warriors
  3 sky beasts
  2 black bears (D:5)
  2 ice beasts
  14 centaurs
  8 ogres
  12 wolves
  3 phantoms
  12 bullfrogs
  4 kobold brigands
  2 necrophages (D:7)
  6 scorpions
  A wyvern zombie (D:3)
  2 cane toad simulacra (IceCv)
  8 wights
  6 howler monkeys
  5 electric eels
  A centaur zombie (D:3)
  A jelly (D:5)
  6 orc priests
  3 hounds
  2 gnoll shamans (D:8)
  A bullfrog skeleton (D:3)
  12 iguanas
  22 orc wizards
  4 polar bear simulacra (Lair:2)
  5 hell rats (Lair:1)
  7 wolf simulacra
  Robin (D:3)
  5 adders
  A shadow imp (D:7)
  A white imp (D:6)
  An ufetubus (D:4)
  6 worms
  2 dart slugs
  58 orcs
  5 bats
  11 endoplasms
  2 giant cockroaches
  19 goblins
  14 hobgoblins
  3 jackals
  7 quokkas
  9 ball pythons
  5 frilled lizards
  13 kobolds
  6 rats
  A river rat simulacrum (Lair:2)
486 creatures vanquished.

Vanquished Creatures (others)
  A hydra (D:12)
  An ugly thing (D:12)
  A wraith (D:12)
  26 fungi
  46 plants
75 creatures vanquished.

Grand Total: 561 creatures vanquished

Notes
Turn   | Place    | Note
-------+----------+-------------------------------------------
     0 | D:5      | zishaf the Troll Delver began the quest for the Orb.
     0 | D:5      | Reached XP level 1. HP: 22/22 MP: 0/0
   104 | D:4      | Reached XP level 2. HP: 29/29 MP: 1/1
   159 | D:4      | Reached skill level 3 in Unarmed Combat
   159 | D:4      | Reached XP level 3. HP: 36/36 MP: 2/2
   225 | D:4      | Reached XP level 4. HP: 39/45 MP: 3/3
   368 | D:1      | Reached skill level 4 in Unarmed Combat
   639 | D:1      | Found Mairaihu's Assorted Antiques.
   957 | D:2      | Found a white marble altar of Elyvilon.
  1187 | D:2      | Reached XP level 5. HP: 53/53 MP: 4/4
  1248 | D:2      | Became a worshipper of Elyvilon the Healer
  1787 | D:3      | Noticed Robin
  1803 | D:3      | Killed Robin
  1901 | D:3      | Found a faded altar of an unknown god.
  1938 | D:3      | Reached skill level 1 in Invocations
  1975 | D:3      | Found a burning altar of Makhleb.
  2156 | D:3      | Reached skill level 5 in Unarmed Combat
  2169 | D:3      | Found a runed translucent gate.
  2169 | D:3      | Found a runed translucent gate.
  2169 | D:3      | Found a runed translucent gate.
  2170 | D:3      | You fall into a shaft and drop 3 floors!
  2369 | D:3      | Noticed MeatMancer's ghost (amateur DsCK)
  2387 | D:3      | Reached XP level 6. HP: 56/62 MP: 5/5
  2404 | D:3      | Killed MeatMancer's ghost
  2505 | D:4      | Noticed a sky beast
  2518 | D:4      | Killed a sky beast
  2519 | D:4      | Reached skill level 6 in Unarmed Combat
  2519 | D:4      | Reached XP level 7. HP: 46/70 MP: 7/7
  2560 | D:4      | Identified a scroll of acquirement
  2560 | D:4      | Acquired a +2 hat
  2670 | D:4      | Found a sparkling altar of Nemelex Xobeh.
  2817 | D:4      | Reached * piety under Elyvilon
  3733 | D:5      | Reached skill level 7 in Unarmed Combat
  3737 | D:5      | Reached XP level 8. HP: 60/79 MP: 9/9
  3785 | D:5      | Found a shimmering altar of Xom.
  3871 | D:5      | Found a shimmering blue altar of Sif Muna.
  3960 | D:5      | Reached skill level 5 in Fighting
  4009 | D:5      | Reached skill level 8 in Unarmed Combat
  4084 | D:5      | Found an opulent altar of Gozag.
  4202 | D:6      | Reached ** piety under Elyvilon
  4293 | D:6      | Acquired the ring "Mextil" {Wiz Drain Str+2 Dex+7}
  4493 | D:6      | Reached XP level 9. HP: 88/88 MP: 11/11
  4543 | D:6      | Found a staircase to the Ecumenical Temple.
  4826 | D:7      | Found Zucemous's Armour Shoppe.
  4832 | D:7      | Bought a +0 cloak for 67 gold pieces
  4861 | D:7      | Reached skill level 9 in Unarmed Combat
  4909 | D:7      | Found an ancient bone altar of Kikubaaqudgha.
  4947 | D:7      | Identified the +2 scimitar of Mayhem {holy, rElec Will+
                  | MP+9}
  5005 | D:7      | Reached *** piety under Elyvilon
  5083 | D:7      | Reached skill level 5 in Invocations
  5863 | D:8      | Found a staircase to the Lair.
  5953 | D:8      | Reached skill level 10 in Unarmed Combat
  6068 | D:8      | Found a glowing silver altar of Zin.
  6072 | D:8      | Found a snail-covered altar of Cheibriados.
  6077 | D:8      | Found a radiant altar of Vehumet.
  6180 | D:8      | Noticed a troll
  6186 | D:8      | Killed a troll
  6240 | D:8      | Noticed a boulder beetle
  6245 | D:8      | Noticed a tengu conjurer
  6247 | D:8      | Pacified a boulder beetle
  6247 | D:8      | Noticed an efreet
  6248 | D:8      | Reached XP level 10. HP: 62/100 MP: 10/13
  6259 | D:8      | Elyvilon protects you from harm!
  6261 | D:8      | Reached skill level 11 in Unarmed Combat
  6516 | D:8      | Noticed a gargoyle
  6517 | D:8      | Found a hazy altar of Hepliaklqana.
  6525 | D:8      | Killed a gargoyle
  6527 | D:8      | Found a faded altar of an unknown god.
  6630 | D:8      | Found a sacrificial altar of Ru.
  6989 | D:9      | Reached **** piety under Elyvilon
  7052 | D:9      | Found a staircase to the Orcish Mines.
  7239 | D:9      | Noticed a two-headed ogre
  7246 | D:9      | Killed a two-headed ogre
  7247 | D:9      | Reached skill level 12 in Unarmed Combat
  7524 | D:9      | Found a white marble altar of Elyvilon.
  7645 | D:10     | Entered Level 10 of the Dungeon
  7751 | D:9      | Reached XP level 11. HP: 105/110 MP: 15/15
  7975 | D:10     | Reached ***** piety under Elyvilon
  8371 | D:11     | Noticed a boulder beetle
  8383 | D:11     | Pacified a boulder beetle
  8440 | D:11     | Noticed a two-headed ogre
  8448 | D:11     | Killed a two-headed ogre
  8449 | D:11     | Reached skill level 13 in Unarmed Combat
  8752 | D:11     | Noticed a deep elf pyromancer
  8753 | D:11     | Identified the +2 quarterstaff "Adwu" {speed, rElec}
  8755 | D:11     | Noticed a two-headed ogre
  8760 | D:11     | Killed a deep elf pyromancer
  8764 | D:11     | Killed a two-headed ogre
  8891 | D:11     | Noticed Urug
  8903 | D:11     | Killed Urug
  8914 | D:11     | Noticed a two-headed ogre
  8918 | D:11     | Noticed a sixfirhy
  9000 | D:11     | Killed a two-headed ogre
  9374 | D:12     | Noticed a purple ugly thing
  9375 | D:12     | Noticed a five-headed hydra
  9375 | D:12     | Noticed a two-headed ogre
  9380 | D:12     | Pacified a five-headed hydra
  9381 | D:12     | Killed a purple ugly thing
  9386 | D:12     | Killed a five-headed hydra
  9389 | D:12     | Killed a two-headed ogre
  9393 | D:12     | Found a frozen archway.
  9421 | IceCv    | Entered an ice cave
  9421 | IceCv    | Noticed a white ugly thing
  9427 | IceCv    | Reached skill level 14 in Unarmed Combat
  9431 | IceCv    | Killed a white ugly thing
  9439 | IceCv    | Found a transporter.
  9448 | IceCv    | Found a transporter.
  9458 | IceCv    | Reached XP level 12. HP: 106/122 MP: 17/17
  9708 | Lair:1   | Entered Level 1 of the Lair of Beasts
 10002 | Lair:1   | Got the Handbook of the Ensnaring Mountains
 10294 | Lair:2   | Identified the +1 robe of Gluttony {Str+3 Slay+3}
 10445 | Lair:2   | Noticed a five-headed hydra
 10448 | Lair:2   | Pacified a five-headed hydra
 10758 | Lair:2   | Noticed Harold
 10773 | Lair:2   | Noticed Fannar
 10776 | Lair:2   | Killed Harold
 10777 | Lair:2   | Reached skill level 15 in Unarmed Combat
 10927 | Lair:2   | Killed Fannar
 11149 | Lair:2   | Noticed a four-headed hydra
 11153 | Lair:2   | Pacified a four-headed hydra
 11714 | Lair:2   | Reached skill level 10 in Invocations
 11821 | Lair:2   | Reached XP level 13. HP: 91/133 MP: 19/19
 11899 | Lair:3   | Reached skill level 10 in Fighting
 11984 | Lair:3   | Found a hole to the Spider Nest.
 12091 | Lair:3   | Reached skill level 16 in Unarmed Combat
 13536 | Lair:4   | Found a staircase to the Swamp.
 13877 | Lair:5   | Noticed Rupert
 13892 | Lair:5   | HP: 8/168 [Rupert/+2 great mace of protection (44)]
 13892 | Lair:5   | Elyvilon protects you from harm!
 13909 | Lair:5   | Killed Rupert
 14171 | Lair:4   | HP: 6/135 [yak (11)]
 14666 | Lair:5   | Reached skill level 17 in Unarmed Combat
 14814 | Orc:1    | Entered Level 1 of the Orcish Mines
 15002 | Orc:1    | Found a bloodstained altar of Trog.
 15139 | Orc:2    | Entered Level 2 of the Orcish Mines
 15150 | Orc:2    | Noticed Maurice
 15186 | Orc:2    | Found a staircase to the Elven Halls.
 15371 | Orc:2    | Found Imnyana's Jewellery Shop.
 15543 | Orc:2    | Killed Maurice
 15884 | Orc:2    | Noticed Erolcha
 15884 | Orc:2    | Noticed an orc warlord
 15974 | Orc:2    | Reached XP level 14. HP: 126/144 MP: 21/21
 16070 | Orc:1    | Killed an orc warlord
 16517 | Orc:1    | Mangled by an orc knight

Illustrated notes

Levels and vault maps discovered:
D:1:      elethiomel_arrival_infinity_welcomes_careful_drivers, layout_rooms,
          serial_shops, shop, minmay_misc_feat_nine_boxes
D:2:      layout_basic, basic_altar, minmay_pentomino_z2
D:3:      corexii_shack_village, layout_rooms,
          mainiacjoe_overflow_six_doors_small, gammafunk_ghost_necromancy,
          hellmonk_ecumenical_altar_leap_of_faith, uniq_robin
D:4:      layout_layer_cave, mainiacjoe_overflow_cross_hatched,
          serial_bayou_crossing
D:5:      layout_rooms, mainiacjoe_overflow_alcove_1,
          nicolae_gozag_cash_rules_everything_around_me, xom_teletrap_fun
D:6:      layout_loops_ring, temple_fountains
D:7:      minmay_spotlight, layout_basic, marbit_many_paths, serial_shops, shop,
          serial_bayou_lagoon_a, corner_web_ring
D:8:      nzn_winding_woodlands_cross [nzn_winding_woodlands_5x15_default,
          nzn_winding_woodlands_5x15_concentric,
          nzn_winding_woodlands_5x15_crooked,
          nzn_winding_woodlands_5x15_split_checker,
          nzn_winding_woodlands_15x15_thick_spiral], layout_loops_ring,
          nicolae_ru_the_path_less_chosen, beargit_hepliaklqana_dungeon_heroes,
          grunt_temple_overflow_diamond, dreamdust_mushroom_princess
D:9:      layout_loops_ring, lemuel_tele_altar, david_orc_3,
          minmay_misc_feat_roman, kennysheep_generic_room_11
D:10:     layout_cave_pools
D:11:     layout_irregular_city, uniq_urug
D:12:     layout_layer_cave, portal_ice_cave_entry_pillars_2
Lair:1:   layout_roguey
Lair:2:   beast_lair_carwin_large_4, layout_loops_ring, eino_house_with_fridge,
          uniq_fannar, uniq_harold
Lair:3:   layout_big_grid, spider_nest_entry_rubble, serial_bayou_pond_e,
          chequers_serial_rivers_room_b, grunt_megastairs_2,
          infiniplex_staircase_pool_2
Lair:4:   layout_loops_ring, palyth_hydra_swamp_entry, nicolae_lair_lil_pond,
          lemuel_old_faithful, serial_bayou_shore_a, serial_bayou_shore_b
Lair:5:   layout_roguey, chequers_serial_rivers_micro_b,
          chequers_serial_rivers_micro_c, uniq_rupert
Orc:1:    layout_caves, basic_altar
Orc:2:    grunt_orc_gardens, layout_caves, grunt_orc_garden, grunt_orc_garden,
          grunt_orc_garden, grunt_orc_garden, mines3_lemuel, uniq_maurice,
          uniq_erolcha

Skill      XL: |  1  2  3  4  5  6  7  8  9 10 11 12 13 14 |
---------------+-------------------------------------------+-----
Unarmed Combat | 3 4 5 6 7 8 10 12 14 15 17 | 17.6
Fighting       | 3 4 5 6 7 8 9 10 11 | 11.0
Invocations    | 1 2 3 4 6 7 8 10 11 | 11.3
Dodging        | |  1.5
Stealth        | |  2.7

Action                   |  1- 3 |  4- 6 |  7- 9 | 10-12 | 13-15 || total
-------------------------+-------+-------+-------+-------+-------++-------
Melee: Unarmed           |    40 |   248 |   227 |   419 |   354 ||  1288
       Punch             |     2 |     7 |       |       |       ||     9
Invok: Heal Other        |       |       |     1 |     6 |     4 ||    11
       Heal Self         |       |       |       |     6 |    18 ||    24
       Purification      |       |       |       |     1 |     4 ||     5
       Divine Vigour     |       |       |       |       |     1 ||     1
Evoke: Wand              |       |       |       |     5 |       ||     5
  Use: Potion            |       |     1 |       |     2 |       ||     3
       Scroll            |       |       |    14 |    14 |     1 ||    29
 Stab: Sleeping          |       |    14 |     5 |       |     1 ||    20
       Distracted        |       |     1 |       |       |       ||     1
       Paralysed         |       |       |       |     1 |       ||     1
       Petrified         |       |       |       |       |     2 ||     2
Armor: Robe              |    10 |    56 |    78 |    73 |   149 ||   366
       Troll leather arm |       |       |       |    75 |       ||    75
       Steam dragon scal |       |       |       |    11 |       ||    11
Dodge: Dodged            |    18 |    91 |   102 |   193 |   145 ||   549

Table legend: (Time is in decaauts)
 A = Elapsed time spent in this place.
 B = Non-inter-level travel time spent in this place.
 C = Inter-level travel time spent in this place.
 D = Time resting spent in this place.
 E = Time spent auto-exploring this place.
 F = Levels seen in this place.
 G = Mean time per level.
                   A        B        C        D        E       F      G
               +--------+--------+--------+--------+--------+-----+--------+
         Total |  16332 |  15357 |    975 |   1649 |  10220 |  20 |  816.6 |
       Dungeon |   9826 |   9238 |    588 |    517 |   6701 |  12 |  818.8 |
          Lair |   5007 |   4678 |    329 |    626 |   3146 |   5 | 1001.4 |
  Orcish Mines |   1422 |   1366 |     56 |    506 |    373 |   2 |  711.0 |
      Ice Cave |     75 |     75 |      0 |      0 |      0 |   1 |   75.0 |
               +--------+--------+--------+--------+--------+-----+--------+

Top non-repeatable levels by time:
  Lair:2: 1630 daAuts
     D:4: 1386 daAuts
  Lair:4: 1188 daAuts
     D:9: 1134 daAuts
   Orc:1: 1110 daAuts
     D:8: 1108 daAuts
    D:11: 1003 daAuts
     D:7: 984 daAuts
  Lair:5: 848 daAuts
  Lair:3: 843 daAuts
     D:2: 827 daAuts
     D:1: 687 daAuts
     D:3: 644 daAuts
     D:6: 628 daAuts
    D:10: 621 daAuts
